 Dungeon Crawl Stone Soup version 0.25-a0-701-gb30f108f01 (webtiles) character file.

Game seed: 15281999176316910959, levelgen mode: deterministic

135 Mgcat the Magician (level 4, 0/30 HPs)
             Began as a Mummy Fire Elementalist on Apr 3, 2020.
             Slain by a hound (2 damage)
             ... on level 4 of the Dungeon.
             The game lasted 00:07:00 (3092 turns).

Mgcat the Magician (Mummy Fire Elementalist)        Turns: 3092, Time: 00:07:00

Health: 0/30       AC:  2    Str: 11    XL:     4   Next: 96%
Magic:  5/9        EV: 12    Int: 15    God:
Gold:   166        SH:  0    Dex: 12    Spells: 6/10 levels left

rFire    x . .     SeeInvis .   g - +3 dagger
rCold    + . .     Gourm    .   (no shield)
rNeg     + + +     Faith    .   a - +0 robe
rPois    ∞         Spirit   .   (no helmet)
rElec    .         Reflect  .   (no cloak)
rCorr    .         Harm     .   (no gloves)
MR       .....                  (no boots)
Stlth    ++........             (no amulet)
HPRegen  0.10/turn              (no ring)
MPRegen  0.11/turn              (no ring)

@: no status effects
A: no food or potions, fire vulnerability, cold resistance 1, negative energy
resistance 3, torment resistance, unbreathing
a: no special abilities


You were on level 4 of the Dungeon.
You were not hungry.

You visited 1 branch of the dungeon, and saw 4 of its levels.

You collected 166 gold pieces.

Inventory:

Hand Weapons
 g - a +3 dagger (weapon)
   (You took it off a kobold on level 2 of the Dungeon)
Armour
 a - a +0 robe (worn)
Scrolls
 b - 2 scrolls of teleportation {unknown}
 c - 2 scrolls of enchant weapon {unknown}
 d - 9 scrolls of identify {unknown}
 e - a scroll of immolation {unknown}
 f - 2 scrolls of magic mapping {unknown}
 h - 3 scrolls of remove curse


   Skills:
 - Level 1.5 Dodging
 + Level 2.6 Stealth
 + Level 3.9 Spellcasting
 + Level 2.0 Conjurations
 + Level 3.1 Fire Magic


You had 6 spell levels left.
You knew the following spells:

 Your Spells              Type           Power        Failure   Level  Hunger
a - Foxfire               Conj/Fire      ##..         6%          1    N/A
b - Conjure Flame         Conj/Fire      ##......     19%         3    N/A

Your spell library contained the following spells:

 Spells                   Type           Power        Failure   Level  Hunger
 Inner Flame              Hex/Fire       #.......     28%         3    N/A
 Sticky Flame             Conj/Fire      ##......     54%         4    N/A
 Fireball                 Conj/Fire      ##........   87%         5    N/A

Dungeon Overview and Level Annotations

Branches:
Dungeon (4/15)
 Temple: D:4-7

Altars:
Dithmenos
Wu Jian

Annotations:
D:4 exclusions: adder and ogre


Innate Abilities, Weirdness & Mutations

You do not eat or drink.
Your flesh is vulnerable to fire.
You are immune to poison.
Your flesh is cold resistant. (rC+)
You are immune to negative energy. (rN+++)
You are immune to unholy pain and torment.
You can survive without breathing.


Message History

Your Conjurations skill increases to level 2!
You now have 4/9 mp.
d - 8 scrolls labeled XAEMIQYTENK (gained 1)
d - 9 scrolls labeled XAEMIQYTENK (gained 1)
Your magical contamination has completely faded away.
You regained 4 mp, and now have 8/9 mp.
You now have 148 gold pieces (gained 16).
Found a stone staircase leading up.
MP restored: 9 You now have 157 gold pieces (gained 9).
Key pressed, stopping explore.
Unknown command.
Unknown command.
Found a shadowy altar of Dithmenos.
Unknown command.
Unknown command.
Unknown command.
Found an escape hatch in the ceiling.
Unknown command.
Unknown command.
Unknown command.
Unknown command.
You see here 12 stones.
You now have 166 gold pieces (gained 9).
A hound comes into view.
Unknown command.
Unknown command.
Unknown command.
Unknown command.
An iguana comes into view.
Casting: Foxfire (safe; 6% risk of failure)
Confirm with . or Enter, or press ? or * to list all spells.
You conjure some foxfire!
You now have 8/9 mp.
Casting: Foxfire (safe; 6% risk of failure)
Confirm with . or Enter, or press ? or * to list all spells.
You conjure some foxfire!
The foxfire hits the hound.
The hound is moderately wounded.
The foxfire hits the hound but does no damage.
The hound is moderately wounded.
The foxfire hits the iguana.
The iguana is lightly wounded.
The foxfire hits the iguana.
The iguana is lightly wounded.
You now have 7/9 mp.
Casting: Foxfire (safe; 6% risk of failure)
Confirm with . or Enter, or press ? or * to list all spells.
You conjure some foxfire!
The foxfire hits the iguana.
The iguana is moderately wounded.
The foxfire hits the iguana.
The iguana is moderately wounded.
The hound bites you. The iguana closely misses you.
You take 4 damage, and have 26/30 hp.
You now have 6/9 mp.
Casting: Foxfire (safe; 6% risk of failure)
Confirm with . or Enter, or press ? or * to list all spells.
You conjure some foxfire!
The hound bites you. The iguana bites you! The hound misses you.
The foxfire hits the iguana but does no damage.
The iguana is moderately wounded.
The foxfire hits the iguana.
The iguana is heavily wounded.
The hound bites you.
* * * LOW HITPOINT WARNING * * *
The iguana bites you but does no damage.
You take 17 damage, and have 9/30 hp.
MASSIVE DAMAGE!!
You now have 5/9 mp.
The hound barely misses you.
You see here a bubbling red potion.
The hound bites you.
* * * LOW HITPOINT WARNING * * *
You take 2 damage, and have 7/30 hp.
The hound misses you.
You see here 2 ruby potions.
Casting: Foxfire (safe; 6% risk of failure)
Confirm with . or Enter, or press ? or * to list all spells.
You conjure some foxfire!
The hound misses you. The hound barely misses you.
The hound bites you but does no damage.
You now have 5/9 mp.
Your foxfire dissipates!
The foxfire hits the hound.
The hound is heavily wounded.
The hound closely misses you.
Casting: Foxfire (safe; 6% risk of failure)
Confirm with . or Enter, or press ? or * to list all spells.
You conjure some foxfire!
The hound completely misses you.
The foxfire hits the hound.
The hound is severely wounded.
The hound bites you.
* * * LOW HITPOINT WARNING * * *
The hound bites you.
* * * LOW HITPOINT WARNING * * *
You take 6 damage, and have 2/30 hp.
You now have 5/9 mp.
The foxfire hits the hound.
The hound is severely wounded.
Sorry, you're not good enough to have a special ability.
You can't drink.
As you read the scroll labeled ASUWOTHRI TACA, it crumbles to dust.
You feel blessed for a moment.
It was a scroll of remove curse.
The hound bites you.
You die...

### #.####.# #.#..(......# .<
#.# #.# #...........# #####(
#.# #.# #..#........#
....#.##.####.## #..#..#######
#..........##..###..#.##
#..........###........#########
#.......................)).....
#.................#..#....#####
#....._§§..##§@..##.##.##># #
#......§§..##h##....##..#.## ##
#.####(.#..!l.#####....%...###.
# #....##### #.###.....##.
#.!.## #.# ###......
.##.####...# #.# ##.....
..........## ###.# ##....
........#.# ## ###...# #.#.#
........#... .# #...### ###.#..


You could see an iguana and a hound.

Vanquished Creatures
  2 worker ants (D:4)
  An adder (D:2)
  An ooze (D:2)
  2 worms
  4 dart slugs
  3 orcs (D:4)
  A ball python (D:1)
  7 bats
  7 goblins
  6 hobgoblins
  2 jackals (D:1)
  7 kobolds
  A quokka (D:2)
  5 frilled lizards
  10 rats
59 creatures vanquished.

Vanquished Creatures (others)
  175 foxfires
175 creatures vanquished.

Grand Total: 234 creatures vanquished

Notes
Turn   | Place    | Note
-------+----------+-------------------------------------------
     0 | D:1      | Mgcat the Mummy Fire Elementalist began the quest for the
                  | Orb.
     0 | D:1      | Reached XP level 1. HP: 13/13 MP: 4/4
    87 | D:1      | Reached skill level 1 in Conjurations
   126 | D:1      | Reached XP level 2. HP: 13/19 MP: 0/5
   129 | D:1      | Reached skill level 3 in Spellcasting
   613 | D:1      | Reached skill level 2 in Stealth
   784 | D:1      | Reached XP level 3. HP: 24/24 MP: 4/7
  1239 | D:1      | Learned a level 3 spell: Conjure Flame
  1906 | D:2      | Reached XP level 4. HP: 18/30 MP: 2/9
  2705 | D:4      | Found an ornate altar of the Wu Jian Council.
  2717 | D:4      | Noticed an ogre
  2754 | D:4      | Reached skill level 3 in Fire Magic
  2984 | D:4      | Reached skill level 2 in Conjurations
  3057 | D:4      | Found a shadowy altar of Dithmenos.
  3081 | D:4      | HP: 7/30 [hound (2)]
  3090 | D:4      | HP: 5/30 [hound (3)]
  3090 | D:4      | HP: 2/30 [hound (3)]
  3092 | D:4      | Slain by a hound

Levels and vault maps discovered:
D:1:      dpeg_arrival_court, layout_loops_corners
D:2:      layout_loops_ring
D:3:      layout_rooms
D:4:      cheibrodos_pilgrimage, layout_rooms, overflow_temple_1_default,
          first_ration, grunt_dithmenos_smoke

Skill      XL: |  1  2  3  4 |
---------------+-------------+-----
Conjurations   | 1 2 |  2.0
Spellcasting   | 3 |  3.9
Stealth        | 2 |  2.6
Fire Magic     | 3 |  3.1
Dodging        | |  1.5

Action                   |  1- 3 |  4- 6 || total
-------------------------+-------+-------++-------
Melee: Whip              |     5 |       ||     5
 Cast: Foxfire           |    82 |    36 ||   118
       Conjure Flame     |     4 |     1 ||     5
  Use: Scroll            |       |     1 ||     1
Armor: Robe              |     4 |     2 ||     6
Dodge: Dodged            |    34 |    18 ||    52

Table legend:
 A = Non-vault XP
 B = Vault XP
 C = Vault XP percentage of total XP
 D = Non-vault monster count
 E = Vault monster count
 F = Vault count percentage of total count
                 A         B        C        D         E       F
            +---------+---------+-------+---------+---------+-------
      Total |     184 |       9 |   4.7 |      56 |       3 |   5.1
            +---------+---------+-------+---------+---------+-------
        D:1 |      53 |       0 |   0.0 |      33 |       0 |   0.0
        D:2 |      49 |       0 |   0.0 |      16 |       0 |   0.0
        D:3 |      12 |       0 |   0.0 |       5 |       0 |   0.0
        D:4 |      70 |       9 |  11.4 |       2 |       3 |  60.0
            +---------+---------+-------+---------+---------+-------

Levels and vault maps discovered:
D:1:      dpeg_arrival_court, layout_loops_corners
D:2:      layout_loops_ring
D:3:      layout_rooms
D:4:      cheibrodos_pilgrimage, layout_rooms, overflow_temple_1_default,
          first_ration, grunt_dithmenos_smoke

Table legend:
 A = Turns spent in this place as a percentage of turns spent in the entire game.
 B = Non-inter-level travel turns spent in this place as a percentage of non-inter-level travel turns spent in the entire game.
 C = Inter-level travel turns spent in this place as a percentage of turns spent in this place.
 D = Turns resting spent in this place as a percentage of non-inter-level travel turns spent in this place.
 E = Turns spent auto-exploring this place as a percentage of non-inter-level travel turns spent in this place.
 F = Non-inter-level travel turns spent in this place divided by the number of levels of this place that you've seen.
                   A       B       C       D       E      F
               +-------+-------+-------+-------+-------+----------------------
         Total | 100.0 | 100.0 |   3.6 |  16.8 |  64.8 | 745.5
       Dungeon | 100.0 | 100.0 |   3.6 |  16.8 |  64.8 | 745.5
               +-------+-------+-------+-------+-------+----------------------

Table legend:
 A = Kills in this place as a percentage of kills in entire the game.
 B = Kills by you in this place as a percentage of kills by you in the entire game.
 C = Kills by friends in this place as a percentage of kills by friends in the entire game.
 D = Other kills in this place as a percentage of other kills in the entire game.
 E = Experience gained in this place as a percentage of experience gained in the entire game.
 F = Experience gained in this place divided by the number of levels of this place that you have seen.
                   A       B       C       D       E      F
               +-------+-------+-------+-------+-------+----------------------
         Total | 100.0 | 100.0 |   N/A |   N/A | 100.0 |  48.2
       Dungeon | 100.0 | 100.0 |   N/A |   N/A | 100.0 |  48.2
               +-------+-------+-------+-------+-------+----------------------
